Construct Infanterie Kompanie
Infanterie Officer Quarters
Construct Panzergrenadier Kompanie
Selects Mechanized Battlegroup
Selects 8 Rad Armored Car
Pak 40 Anti-tank Gun Team
Selects Wespe Self-propelled Artillery
Pak 40 Anti-tank Gun Team
Wespe Self-propelled Artillery
Construct Panzer Kompanie
Selects Zeroing Artillery Barrage
Selects UNKNOWN (2160084)
Zeroing Artillery Barrage
Zeroing Artillery Barrage